 Dungeon Crawl Stone Soup version 0.27.1-34-g3ba077fa99 (webtiles) character file.

Game seed: 18134826277804289944

26516 LLlMATKO the Protected (level 12, -11/168 HPs)
             Began as a Minotaur Berserker on Jan 26, 2022.
             Was the Champion of Trog.
             Mangled by a reaper (13 damage)
             ... in an ice cave.
             The game lasted 00:21:21 (16958 turns).

LLlMATKO the Protected (Minotaur Berserker)        Turns: 16958, Time: 00:21:22

Health: -11/168    AC: 25    Str: 23    XL:     12   Next: 99%
Magic:  0/11       EV: 13    Int:  4    God:    Trog [******]
Gold:   978        SH: 12    Dex: 14    Spells: 11/11 levels left

rFire    x . .     SeeInvis .   Q - +2 hand axe (flame)
rCold    + + +     Faith    .   H - +0 kite shield
rNeg     . . .     Spirit   +   Y - +0 ice dragon scales
rPois    .         Reflect  .   (helmet restricted)
rElec    .         Harm     .   c - +0 cloak
rCorr    .         Rampage  .   S - +0 pair of gloves
Will     .....                  J - +2 pair of boots
Stlth    ..........             U - amulet of guardian spirit
HPRegen  0.38/turn              h - +4 ring of protection
MPRegen  0.12/turn              W - ring of protection from cold

@: berserking, studying Armour, very quick
A: horns 2, retaliatory headbutt
a: Renounce Religion, Berserk, Trog's Hand, Brothers in Arms


You were in an ice cave.
You worshipped Trog.
Trog was exalted by your worship.
You visited 1 branch of the dungeon, and saw 13 of its levels.
You also visited: Sewer and Ice Cave.

You collected 1004 gold pieces.
You spent 26 gold pieces at shops.

Inventory:

Hand Weapons
 p - a +0 battleaxe
 q - a +0 hand crossbow
 w - a +0 war axe of venom
 K - a +2 antimagic broad axe
 Q - a +2 hand axe of flaming (weapon)
Missiles
 b - 96 bolts
 A - 57 poisoned darts (quivered)
 C - 2 silver javelins
 D - 7 throwing nets
 I - 6 javelins
Armour
 a - the +5 scale mail "Tidiys" {rPois}
   (You found it on level 9 of the Dungeon)

   rPois:     It protects you from poison.
 c - a +0 cloak (worn)
 H - a +0 kite shield (worn)
 J - a +2 pair of boots (worn)
 S - a +0 pair of gloves (worn)
 Y - +0 ice dragon scales (worn)
Jewellery
 h - a +4 ring of protection (left hand)
 z - a ring of fire
 F - a ring of positive energy
 N - a ring of poison resistance
 U - an amulet of guardian spirit (around neck)
 W - a ring of protection from cold (right hand)
 X - a ring of ice
Wands
 d - a wand of acid (2)
 i - a wand of flame (49)
 k - a wand of iceblast (11)
 M - a wand of digging (5)
 O - a wand of paralysis (16)
 V - a wand of polymorph (5)
Scrolls
 e - 7 scrolls of identify
 o - 3 scrolls of teleportation
 s - 2 scrolls of vulnerability
 t - 2 scrolls of brand weapon
 y - 2 scrolls of silence
 G - 2 scrolls of fog
 P - a scroll of noise
 R - 2 scrolls of amnesia
 T - 3 scrolls of enchant armour
 Z - a scroll of magic mapping {unknown}
Potions
 f - 3 potions of heal wounds
 g - 2 potions of attraction {unknown}
 j - 2 potions of ambrosia
 l - a potion of berserk rage {unknown}
 m - 3 potions of flight
 n - 4 potions of might
 r - 6 potions of curing
 u - 4 potions of cancellation
 v - 3 potions of invisibility
 x - 4 potions of haste
 B - 3 potions of mutation {unknown}
 E - a potion of resistance {unknown}
 L - 6 potions of lignification {unknown}


   Skills:
 + Level 11.8 Fighting
 + Level 11.8 Axes
 + Level 9.9 Crossbows
 + Level 13.8 Armour
 + Level 10.5 Dodging
 + Level 8.4 Shields


You had 11 spell levels left.
You didn't know any spells.
Your spell library was empty.

Dungeon Overview and Level Annotations

Branches:
Dungeon (13/15)            Temple (0/1) D:6            Lair (0/6) D:8
    Orc (0/2) D:11          Sewer (visited)           IceCv (1/1)
 Vaults: D:13-14

Altars:
Dithmenos
Gozag
Hepliaklqana
Nemelex Xobeh
Qazlal
Ru
Sif Muna
Uskayaw
Wu Jian
Xom
Yredelemnul
Zin
The Shining One

Shops:
D:1 ?   D:7 *


Innate Abilities, Weirdness & Mutations

You have a pair of horns on your head.
You reflexively headbutt those who attack you in melee.


Message History

* * * LOW HITPOINT WARNING * * *
You closely miss the reaper.
The reaper is moderately wounded.
You slash the white imp! You burn the white imp.
Unknown command.
You hit the reaper but do no damage.
The reaper is moderately wounded.
You slash the white imp! You burn the white imp.
You feel the power of Trog in you as your rage grows.
You kill the white imp!
Trog accepts your kill.
The reaper hits you with a +1 scythe of freezing!!
* * * LOW HITPOINT WARNING * * *
The reaper freezes you.
* * * LOW HITPOINT WARNING * * *
You hit the reaper. You burn the reaper.
You headbutt the reaper, but do no damage.
The reaper is moderately wounded.
You slash the troll simulacrum!
You melt the troll simulacrum.
You feel the power of Trog in you as your rage grows.
The troll simulacrum vaporises!
Trog accepts your kill. The reaper misses you.
You hit the reaper. You burn the reaper. Your headbutt misses the reaper.
The reaper is heavily wounded.
You hit the entropy weaver simulacrum but do no damage.
You block the entropy weaver simulacrum's attack.
The entropy weaver simulacrum hits you but does no damage.
The entropy weaver simulacrum hits you.
* * * LOW HITPOINT WARNING * * *
The entropy weaver simulacrum freezes you.
You resist.
* * * LOW HITPOINT WARNING * * *
The entropy weaver simulacrum hits you but does no damage.
You hit the reaper but do no damage.
The reaper is heavily wounded.
You slash the entropy weaver simulacrum!
You melt the entropy weaver simulacrum!
The reaper hits you with a +1 scythe of freezing!
You die...

## ##.#
#...####
|$#....#.# #
#....ZZ#.##
##. #2@#.##
#.## ##.##.#
#..## #####.##
##...#
##..#.##
##....#
#......#
#.....##
##.##.⌠.#
##..#...#
#..##..}#
#..###..##
#.####.####.##
##..# #..#####
#..# ##.#


You could see a reaper, a two-headed ogre simulacrum and an entropy weaver
simulacrum.

Vanquished Creatures
  Rupert (D:12)
  A boulder beetle (D:12)
  Harold (D:11)
  A hydra (D:13)
  An ice dragon (D:13)
  3 two-headed ogres
  A centaur warrior (D:13)
  Nergalle (D:12)
  2 ugly things (D:12)
  A cyclops (D:12)
  An ice statue (IceCv)
  2 kobold demonologists (D:10)
  A rime drake (D:13)
  A komodo dragon (D:13)
  A freezing wraith (IceCv)
  An ice devil (IceCv)
  2 entropy weaver simulacra (IceCv)
  5 trolls
  Grinder (D:5)
  4 slime creatures (D:12)
  2 polar bears (D:13)
  2 shadows
  Sigmund (D:5)
  A wyvern (D:11)
  A wraith (D:12)
  10 yaks
  14 vampire mosquitoes
  2 death yak simulacra (IceCv)
  2 harpy simulacra (IceCv)
  6 water moccasins (D:8)
  An ice beast (D:6)
  13 orc warriors
  A sky beast (D:6)
  3 black bears
  A wolf (D:13)
  2 ogres
  4 necrophages
  5 centaurs
  A phantom (D:5)
  5 kobold brigands
  5 bullfrogs (D:8)
  7 gnoll sergeants
  2 scorpions (D:5)
  7 two-headed ogre simulacra (IceCv)
  A cane toad simulacrum (IceCv)
  A wyvern zombie (D:7)
  9 killer bees (D:9)
  5 wights
  7 electric eels (D:11)
  4 howler monkeys
  2 bullfrog zombies (D:5)
  5 hounds
  2 jellies
  11 orc priests
  3 centaur zombies
  3 gnoll shamans
  A centaur skeleton (D:5)
  2 iguanas
  4 orc wizards
  9 troll simulacra (IceCv)
  4 spriggan simulacra (IceCv)
  3 polar bear simulacra (IceCv)
  2 wolf simulacra (IceCv)
  A howler monkey zombie (D:9)
  11 adders
  33 gnolls
  2 howler monkey skeletons
  2 naga simulacra (IceCv)
  4 river rats (Sewer)
  A shadow imp (D:6)
  2 white imps (IceCv)
  8 ufetubi
  4 worms
  4 dart slugs
  44 orcs
  15 ball pythons
  6 bats
  8 endoplasms
  6 giant cockroaches
  14 goblins
  13 hobgoblins
  9 jackals (D:6)
  6 quokkas
  2 frilled lizards (Sewer)
  43 kobolds
  25 rats
471 creatures vanquished.

Vanquished Creatures (others)
  An orc wizard (D:7)
  2 orcs (D:7)
  68 fungi (D:8)
  51 plants
  3 withered plants (D:9)
125 creatures vanquished.

Grand Total: 596 creatures vanquished

Notes
Turn   | Place    | Note
-------+----------+-------------------------------------------
     0 | D:1      | LLlMATKO the Minotaur Berserker began the quest for the
                  | Orb.
     0 | D:1      | Reached XP level 1. HP: 19/19 MP: 0/0
   125 | D:1      | Found Putonk's Magic Scroll Boutique.
   133 | D:1      | Bought a scroll of identify for 26 gold pieces
   225 | D:1      | Reached XP level 2. HP: 27/27 MP: 1/1
   641 | D:1      | Reached skill level 3 in Armour
   699 | D:1      | Reached ** piety under Trog
   996 | D:1      | Reached XP level 3. HP: 33/33 MP: 2/2
  1432 | D:2      | Reached XP level 4. HP: 41/41 MP: 3/3
  2236 | D:3      | Reached *** piety under Trog
  2237 | D:3      | Reached XP level 5. HP: 47/47 MP: 4/4
  2568 | D:4      | Reached skill level 5 in Axes
  2568 | D:4      | Reached skill level 4 in Armour
  2656 | D:4      | Noticed an orc warrior
  2670 | D:4      | Killed an orc warrior
  2671 | D:4      | Reached skill level 5 in Fighting
  2671 | D:4      | Reached XP level 6. HP: 56/56 MP: 5/5
  2721 | D:4      | Found a glowing golden altar of the Shining One.
  2956 | D:4      | Reached skill level 1 in Crossbows
  2974 | D:4      | Noticed an orc warrior
  3002 | D:4      | Killed an orc warrior
  3003 | D:4      | Reached skill level 5 in Armour
  3003 | D:4      | Reached XP level 7. HP: 26/62 MP: 3/6
  3244 | D:4      | Found a glowing silver altar of Zin.
  3549 | D:5      | Entered Level 5 of the Dungeon
  3557 | D:5      | Reached **** piety under Trog
  3767 | D:5      | Found a basalt altar of Yredelemnul.
  3800 | D:5      | Reached skill level 5 in Dodging
  3967 | D:5      | Noticed a yak
  3969 | D:5      | Noticed a yak
  3969 | D:5      | Noticed a yak
  3970 | D:5      | Noticed a yak
  3970 | D:5      | Noticed a yak
  3970 | D:5      | Noticed a yak
  3970 | D:5      | Noticed Grinder
  3975 | D:5      | Killed a yak
  3976 | D:5      | Reached XP level 8. HP: 59/71 MP: 3/7
  3980 | D:5      | Reached skill level 6 in Armour
  3997 | D:5      | Paralysed by Grinder for 5 turns
  4021 | D:5      | Paralysed by Grinder for 3 turns
  4334 | D:5      | Killed Grinder
  4471 | D:5      | Reached XP level 9. HP: 35/79 MP: 3/8
  4768 | D:5      | Reached skill level 7 in Armour
  4902 | D:5      | Noticed Sigmund
  4915 | D:5      | Killed Sigmund
  5557 | D:6      | Reached skill level 5 in Crossbows
  5591 | D:6      | Found a glowing drain.
  5600 | Sewer    | Entered a sewer
  6014 | Sewer    | Reached ***** piety under Trog
  6590 | D:6      | Found a staircase to the Ecumenical Temple.
  6792 | D:6      | Reached skill level 8 in Armour
  7168 | D:6      | Found a stormy altar of Qazlal.
  7168 | D:6      | Found a shimmering blue altar of Sif Muna.
  7245 | D:6      | Reached skill level 1 in Shields
  7788 | D:7      | Received a gift from Trog
  8044 | D:7      | Found Yjynac's Overcharged Wands.
  8240 | D:7      | Found a shadowy altar of Dithmenos.
  8314 | D:7      | Identified a scroll of acquirement
  8314 | D:7      | Acquired a manual of Armour
  8634 | D:8      | Reached XP level 10. HP: 64/90 MP: 3/9
  8874 | D:8      | Found a sacrificial altar of Ru.
  9486 | D:8      | Reached skill level 9 in Armour
  9786 | D:8      | Found a staircase to the Lair.
  9811 | D:8      | Found a hide-covered altar of Uskayaw.
 10432 | D:9      | Identified the +5 scale mail "Tidiys" {rPois}
 10450 | D:9      | Noticed a two-headed ogre
 10458 | D:9      | Killed a two-headed ogre
 10652 | D:9      | Reached skill level 10 in Armour
 11016 | D:9      | Found an opulent altar of Gozag.
 11032 | D:9      | Found a sparkling altar of Nemelex Xobeh.
 11088 | D:9      | Reached XP level 11. HP: 94/99 MP: 3/10
 11289 | D:9      | Found an ornate altar of the Wu Jian Council.
 11319 | D:10     | Entered Level 10 of the Dungeon
 11321 | D:10     | Reached ****** piety under Trog
 11479 | D:10     | Found a hazy altar of Hepliaklqana.
 11480 | D:10     | Found a shimmering altar of Xom.
 11573 | D:10     | Noticed a sixfirhy
 11595 | D:10     | Reached skill level 10 in Axes
 12241 | D:10     | Received a gift from Trog
 12402 | D:11     | Reached skill level 5 in Shields
 12470 | D:11     | Reached skill level 10 in Fighting
 12988 | D:11     | Noticed a two-headed ogre
 13000 | D:11     | Killed a two-headed ogre
 13001 | D:11     | Reached skill level 11 in Armour
 13164 | D:11     | Found a staircase to the Orcish Mines.
 13182 | D:11     | Noticed Harold
 13193 | D:11     | Killed Harold
 13560 | D:12     | Noticed Nergalle
 13564 | D:12     | Killed Nergalle
 13895 | D:12     | Reached skill level 12 in Armour
 13980 | D:12     | Noticed a cyan ugly thing
 13981 | D:12     | Noticed a cyan ugly thing
 13992 | D:12     | Killed a cyan ugly thing
 13996 | D:12     | Killed a cyan ugly thing
 13997 | D:12     | Reached XP level 12. HP: 108/108 MP: 8/11
 14184 | D:12     | Noticed Rupert
 14185 | D:12     | Paralysed by Rupert for 4 turns
 14196 | D:12     | Paralysed by Rupert for 4 turns
 14201 | D:12     | Killed Rupert
 14522 | D:12     | Noticed a boulder beetle
 14533 | D:12     | Killed a boulder beetle
 14534 | D:12     | Reached skill level 10 in Dodging
 14875 | D:13     | Noticed a centaur warrior
 14886 | D:13     | Killed a centaur warrior
 14976 | D:13     | Reached skill level 13 in Armour
 15015 | D:13     | Noticed a two-headed ogre
 15017 | D:13     | Noticed a five-headed hydra
 15020 | D:13     | Killed a two-headed ogre
 15020 | D:13     | Received a gift from Trog
 15030 | D:13     | Killed a one-headed hydra
 15224 | D:13     | Found a frozen archway.
 15226 | D:13     | Noticed an ice dragon
 15280 | D:13     | Killed an ice dragon
 15352 | IceCv    | Entered an ice cave
 16935 | IceCv    | Noticed a reaper
 16955 | IceCv    | HP: 5/168 [reaper (18)]
 16957 | IceCv    | HP: 1/168 [entropy weaver simulacrum (2)]
 16958 | IceCv    | Mangled by a reaper

Illustrated notes

Levels and vault maps discovered:
D:1:      dpeg_arrival_leaves_temple_mockup, layout_basic, serial_shops,
          nicolae_shop_crystal, serial_co_window_serial,
          co_window_of_opportunity_a, co_window_paths_a, co_window_paths_b,
          co_window_corner_a, co_window_paths_a, co_window_broadway_c,
          co_window_cross_4, co_window_2corner, co_window_unsneaky_path_a,
          glass_columns_a, glass_columns_b, glass_columns_a, glass_columns_a,
          glass_columns_c
D:2:      kennysheep_the_goblin_king, layout_basic
D:3:      layout_basic
D:4:      corexii_shack_village, layout_loops_ring, lemuel_tele_altar,
          mainiacjoe_overflow_tiny_flanked
D:5:      layout_basic, amcnicky_altar_gilded, uniq_grinder, uniq_sigmund
D:6:      layout_cave_pools, gammafunk_temple_overflow_statue,
          minmay_temple_entry_proselytizer, cheibrodos_sewer_entry_drain,
          serial_gnoll_camp, gnoll_camp_mini_hut, gnoll_camp_medium_02,
          gnoll_camp_huts_basic, gnoll_camp_mini_doghouse
D:7:      layout_loops_corners, mainiacjoe_overflow_small_starburst,
          serial_rivers, chequers_serial_rivers_small_a,
          chequers_serial_rivers_room_b, chequers_serial_rivers_small_a,
          chequers_serial_rivers_marsh, chequers_serial_rivers_room_a,
          chequers_serial_rivers_micro_e, nicolae_shop_overcharged_wands
D:8:      layout_basic, marbit_many_paths, nicolae_uskayaw_dance_studio,
          due_lair_maze_entry_diamond, minmay_misc_feat_alley,
          kennysheep_another_room
D:9:      layout_loops_ring, kennysheep_little_box, grunt_gozag_statues,
          lemuel_doored_altar, serial_undead, serial_undead_e, serial_undead_b,
          serial_undead_c, serial_undead_f, serial_park_tiny_pond
D:10:     layout_roguey, regret_index_temple_of_mockery
D:11:     layout_basic, orc_0_dummy, minmay_holes, uniq_harold
D:12:     layout_cave_pods, special_room [special_room_orc], uniq_rupert,
          uniq_nergalle
D:13:     layout_basic, portal_ice_cave_entry_animals_and_master
IceCv:    ice_cave_caverns_01

Skill      XL: |  1  2  3  4  5  6  7  8  9 10 11 12 |
---------------+-------------------------------------+-----
Fighting       | 4 5 6 7 8 9 10 11 | 11.8
Axes           | 4 5 6 7 8 9 10 11 | 11.8
Armour         | 3 4 5 6 8 10 12 13 | 13.8
Dodging        | 3 4 5 6 7 8 9 10 | 10.5
Crossbows      | 1 3 4 6 7 8 9 |  9.9
Shields        | 1 4 6 8 |  8.4

Action                   |  1- 3 |  4- 6 |  7- 9 | 10-12 || total
-------------------------+-------+-------+-------+-------++-------
Melee: Hand axe          |    76 |   166 |   191 |   230 ||   663
       Headbutt          |    16 |    33 |    84 |   155 ||   288
       Battleaxe         |       |       |   138 |       ||   138
       Broad axe         |       |       |    15 |   302 ||   317
       War axe           |       |       |       |   140 ||   140
 Fire: Hand crossbow     |       |       |       |    29 ||    29
Throw: Dart              |       |       |    11 |     2 ||    13
Invok: Berserk           |       |     2 |     7 |    19 ||    28
  Use: Scroll            |       |       |    21 |     2 ||    23
Armor: Animal skin       |    14 |       |       |       ||    14
       Plate armour      |    11 |   118 |   254 |   234 ||   617
       Scale mail        |       |       |       |   173 ||   173
       Ice dragon scales |       |       |       |    61 ||    61
Dodge: Dodged            |    41 |    43 |   148 |   310 ||   542
Block: Kite shield       |       |       |    22 |   395 ||   417
